 Dungeon Crawl Stone Soup version 0.23-a0-449-g8e4cbf7 (webtiles) character file.

887 theanonym the Carver (level 7, -6/71 HPs)
             Began as a Minotaur Monk on Nov 22, 2018.
             Mangled by a two-headed ogre
             ... wielding a +0 giant spiked club
              (24 damage)
             ... on level 4 of the Dungeon.
             The game lasted 00:03:28 (2740 turns).

theanonym the Carver (Minotaur Monk)                Turns: 2740, Time: 00:03:28

Health: -6/71      AC:  9    Str: 17    XL:     7   Next: 77%
Magic:  6/6        EV:  8    Int:  7    God:
Gold:   105        SH:  0    Dex: 13    Spells: 6/6 levels left

rFire    . . .     SeeInvis .   a - +0 falchion
rCold    . . .     Gourm    .   (no shield)
rNeg     . . .     Faith    .   l - +1 chain mail
rPois    +         Spirit   .   (helmet restricted)
rElec    .         Reflect  .   (no cloak)
rCorr    .         Harm     .   (no gloves)
MR       .....                  (no boots)
Stlth    ..........             (no amulet)
HPRegen  0.21/turn              k - ring of poison resistance
MPRegen  0.10/turn              (no ring)

@: about to teleport
A: retaliatory headbutt, horns 2
a: no special abilities


Innate Abilities, Weirdness & Mutations

You reflexively headbutt those who attack you in melee.
You have a pair of horns on your head.


   Skills:
 + Level 9.8 Fighting
 * Level 12.9 Long Blades
 - Level 3.2 Dodging
 - Level 1.5 Stealth


You had 6 spell levels left.
You didn't know any spells.
Your spell library was empty.

Skill      XL: |  1  2  3  4 |
---------------+-------------+-----
Long Blades    | 4 5 12 | 12.9
Fighting       | 4 9 |  9.8
Dodging        | |  3.2
Stealth        | |  1.5

Action                   |  1- 3 |  4- 6 |  7- 9 || total
-------------------------+-------+-------+-------++-------
Melee: Falchion          |    86 |    64 |   112 ||   262
       Headbutt          |    13 |     6 |    25 ||    44
  Use: Potion            |       |     2 |       ||     2
       Scroll            |       |       |     3 ||     3
  Eat: Chunk             |     2 |     2 |     2 ||     6
Armor: Chain mail        |    46 |    21 |    30 ||    97
       Leather armour    |     2 |       |       ||     2
Dodge: Dodged            |    39 |    17 |    25 ||    81
       Rpst.: Falchion   |    15 |     6 |     7 ||    28

Inventory:

Hand Weapons
 a - a +0 falchion (weapon)
Armour
 b - a +0 robe
 c - a +0 leather armour
   (You found it on level 1 of the Dungeon)
 l - a +1 chain mail (worn)
   (You found it on level 1 of the Dungeon)
Jewellery
 k - a ring of poison resistance (left hand)
   (You found it on level 3 of the Dungeon)
Scrolls
 d - a scroll of enchant armour
 f - a scroll of fear {unknown}
 g - 2 scrolls of remove curse {unknown}
 h - a scroll of magic mapping {unknown}
 i - 2 scrolls of identify {unknown}
 q - a scroll of fog {unknown}
 t - 3 scrolls of teleportation {!r}
Potions
 j - a potion of agility {unknown}
 m - a potion of degeneration {unknown}
 n - a potion of flight
 o - a potion of heal wounds {unknown}
 p - 3 potions of curing {unknown}
 r - a potion of haste {unknown}
Comestibles
 e - 9 rations


You were on level 4 of the Dungeon.
You were not hungry.

You visited 1 branch of the dungeon, and saw 4 of its levels.

You collected 105 gold pieces.

Dungeon Overview and Level Annotations

Branches:
Dungeon (4/15)
 Temple: D:4-7

Altars:
Fedhas
Nemelex Xobeh

##.####.#
#...# ##.##
#.# #...#
###.## ###
..#. #...#
### #..##
#.## ##.##
##.# #..##
#.######
##..##
##.....#
##..##
##@..##
##..## #.O.#
##..####...##
#######
##..##.###.##
......##
##...## ##.##
..+ ..####.##
##..# ##.##
..# ### #..#
#### ##.##
##.#
##.########
#..# #..#
#........##
###..# #..#


You could see a two-headed ogre.

Notes
Turn   | Place    | Note
-------+----------+-------------------------------------------
     0 | D:1      | theanonym the Minotaur Monk began the quest for the Orb.
     0 | D:1      | Reached XP level 1. HP: 19/19 MP: 0/0
   145 | D:1      | Reached skill level 4 in Long Blades
   406 | D:2      | Reached XP level 2. HP: 27/27 MP: 1/1
   468 | D:2      | Reached skill level 4 in Fighting
   517 | D:2      | Found a sparkling altar of Nemelex Xobeh.
   665 | D:2      | HP: 12/27 [worm (4)]
   666 | D:2      | Reached XP level 3. HP: 15/33 MP: 2/2
  1222 | D:3      | HP: 16/33 [orc/+0 mace (7)]
  1226 | D:3      | Reached skill level 5 in Long Blades
  1227 | D:3      | HP: 16/33 [adder (1)]
  1232 | D:3      | HP: 12/34 [poisoned by an adder]
  1238 | D:3      | HP: 10/34 [poisoned by an adder]
  1244 | D:3      | HP: 8/34 [poisoned by an adder]
  1252 | D:3      | HP: 7/34 [poisoned by an adder]
  1597 | D:3      | Reached XP level 4. HP: 41/41 MP: 3/3
  1675 | D:3      | Noticed Sigmund
  1677 | D:3      | Reached skill level 9 in Fighting
  1677 | D:3      | Reached skill level 12 in Long Blades
  1677 | D:3      | Reached XP level 5. HP: 55/57 MP: 4/4
  1686 | D:3      | Killed Sigmund
  1686 | D:3      | Reached XP level 6. HP: 56/63 MP: 5/5
  2247 | D:4      | Reached XP level 7. HP: 64/70 MP: 6/6
  2382 | D:4      | Found a blossoming altar of Fedhas.
  2707 | D:4      | Noticed a two-headed ogre
  2714 | D:4      | HP: 14/71 [two-headed ogre/+0 giant spiked club (32)]
  2740 | D:4      | Mangled by a two-headed ogre

Vanquished Creatures
  Sigmund (D:3)
  An ogre (D:4)
  3 phantoms (D:4)
  2 hounds (D:4)
  4 orc wizards (D:4)
  4 adders (D:3)
  5 worms
  2 dart slugs
  A leopard gecko (D:2)
  13 orcs
  2 ball pythons
  2 giant cockroaches
  4 goblins
  8 hobgoblins
  4 kobolds
  4 quokkas
  6 bats
  3 frilled lizards
  A quokka skeleton (D:4)
  A rat (D:3)
71 creatures vanquished.

Vanquished Creatures (others)
  2 fungi (D:4)
2 creatures vanquished.

Grand Total: 73 creatures vanquished

Table legend:
 A = Turns spent in this place as a percentage of turns spent in the entire game.
 B = Non-inter-level travel turns spent in this place as a percentage of non-inter-level travel turns spent in the entire game.
 C = Inter-level travel turns spent in this place as a percentage of turns spent in this place.
 D = Turns resting spent in this place as a percentage of non-inter-level travel turns spent in this place.
 E = Turns spent auto-exploring this place as a percentage of non-inter-level travel turns spent in this place.
 F = Non-inter-level travel turns spent in this place divided by the number of levels of this place that you've seen.
                   A       B       C       D       E      F
               +-------+-------+-------+-------+-------+----------------------
         Total | 100.0 | 100.0 |   1.5 |  17.2 |  62.5 | 674.5
       Dungeon | 100.0 | 100.0 |   1.5 |  17.2 |  62.5 | 674.5
               +-------+-------+-------+-------+-------+----------------------
